 Dungeon Sprint DCSS version 0.19-a0-1398-g1264885 (webtiles) character file.

59 Groucho the Cleaver (level 3, -5/31 HPs)
             Began as a Minotaur Fighter on Sept 4, 2016.
             Splashed by an oklob sapling priest's acid (11 damage)
             ... in the Dungeon (Sprint IV: "Fedhas' Mad Dash").
             The game lasted 00:01:05 (688 turns).

Groucho the Cleaver (Minotaur Fighter)               Turns: 688, Time: 00:01:06

Health: -5/31      AC:  2    Str: 21    XL:     3   Next: 78%
Magic:  1/2        EV:  7    Int:  5    God:
Gold:   50         SH:  9    Dex:  9    Spells: 0 memorised, 2 levels left

rFire  . . .     SeeInvis .     a - +0 war axe
rCold  . . .     Gourm    .     b - +0 scale mail
rNeg   . . .     Faith    .     c - +0 shield
rPois  .         Spirit   .     (helmet restricted)
rElec  .         Dismiss  .     (no cloak)
rCorr  .         Reflect  .     (no gloves)
MR     .....     Harm     .     (no boots)
Stlth  .......... NoTele   +    l - amulet of invisibility {+Inv}
                                (no ring)
                                (no ring)

@: corroded, very slightly contaminated, invisible (expiring)
A: retaliatory headbutt, horns 2
a: Turn Visible


You were in the Dungeon.
You were not hungry.

You visited 1 branch You collected 50 gold pieces.

Inventory:

Hand Weapons
 a - a +0 war axe (weapon)
Armour
 b - a +0 scale mail (worn)
 c - a +0 shield (worn)
Jewellery
 l - the amulet of invisibility (around neck) {+Inv}
   (You found it in the Dungeon)

   [amulet of nothing]

   It lets you turn invisible.
Scrolls
 e - a scroll of recharging {unknown}
 k - a scroll of blinking
Potions
 d - a potion of might
 g - a potion of heal wounds
 h - a potion of haste
 i - 2 potions of magic
 j - a potion of berserk rage
Comestibles
 f - a bread ration


   Skills:
 - Level 3.6 Fighting
 - Level 9.3 Axes
 - Level 3.6 Armour
 - Level 3.6 Shields
 + Level 0.0 Evocations


You had 2 spell levels left.
You didn't know any spells.

Dungeon Overview and Level Annotations

Branches:
Dungeon (1/1)

Altars:
Cheibriados
Dithmenos
Elyvilon
Gozag
Hepliaklqana
Kikubaaqudgha
Makhleb
Nemelex Xobeh
Okawaru
Qazlal
Ru
Sif Muna
Trog
Uskayaw
Vehumet
Xom
Yredelemnul
Zin
The Shining One
Beogh
Jiyva
Lugonu

Annotations:
D exclusion: oklob sapling


Innate Abilities, Weirdness & Mutations

You reflexively headbutt those who attack you in melee.
You have a pair of horns on your head.


Message History

There is a hazy altar of Hepliaklqana here.
The oklob sapling priest mumbles some strange prayers to its god against you.
Something smites you!
There is a viscous altar of Jiyva here.
You hit the oklob sapling priest.
You headbutt the oklob sapling priest, but do no damage.
The oklob sapling priest is lightly damaged.
You flicker for a moment.
You catch the helpless oklob sapling priest completely off-guard!
You hit the oklob sapling priest. You headbutt the oklob sapling priest.
The oklob sapling priest is heavily damaged.
You hit the oklob sapling priest.
The oklob sapling priest is severely damaged.
You hit the oklob sapling priest.
The oklob sapling priest is almost destroyed.
The oklob sapling priest spits acid at you.
The splash of acid hits you!
* * * LOW HITPOINT WARNING * * *
The acid corrodes you!
The acid burns!
You die...

########################
...#.....#.⌠._._._._.⌠.#
...'.#[..'.._._.@._._..+
...#.#...#..._._P_._...#
#######+##.._._._._._..#
#.⌠._._._._.⌠.#
###############


You could see an oklob sapling priest.

Vanquished Creatures
  An oklob sapling (D)
  A worker ant (D)
  A river rat (D)
  A rat (D)
4 creatures vanquished.

Notes
Turn   | Place    | Note
-------+----------+-------------------------------------------
     0 | D        | Groucho the Minotaur Fighter began the quest for the Orb.
     0 | D        | Reached XP level 1. HP: 19/19 MP: 0/0
    12 | D        | Reached skill level 5 in Axes
    12 | D        | Reached XP level 2. HP: 24/26 MP: 1/1
    74 | D        | Noticed an oklob sapling
    77 | D        | Killed an oklob sapling
    77 | D        | Reached skill level 8 in Axes
    77 | D        | Reached XP level 3. HP: 11/31 MP: 2/2
    86 | D        | Reached skill level 9 in Axes
   676 | D        | Found an opulent altar of Gozag.
   676 | D        | Found a hazy altar of Hepliaklqana.
   676 | D        | Found a roughly hewn altar of Beogh.
   676 | D        | Found a snail-covered altar of Cheibriados.
   677 | D        | Found a viscous altar of Jiyva.
   677 | D        | Found a burning altar of Makhleb.
   677 | D        | Found a sparkling altar of Nemelex Xobeh.
   677 | D        | Found a sacrificial altar of Ru.
   677 | D        | Found a deep blue altar of Sif Muna.
   677 | D        | Found a bloodstained altar of Trog.
   677 | D        | Found a shimmering altar of Xom.
   677 | D        | Found a basalt altar of Yredelemnul.
   677 | D        | Noticed an oklob sapling priest
   678 | D        | Found an iron altar of Okawaru.
   678 | D        | Found a shadowy altar of Dithmenos.
   678 | D        | Found a glowing silver altar of Zin.
   679 | D        | Found an ancient bone altar of Kikubaaqudgha.
   679 | D        | Found a hide-covered altar of Uskayaw.
   680 | D        | Found a stormy altar of Qazlal.
   680 | D        | Found a white marble altar of Elyvilon.
   680 | D        | Found a glowing golden altar of the Shining One.
   681 | D        | Found a corrupted altar of Lugonu.
   681 | D        | Found a radiant altar of Vehumet.
   688 | D        | Splashed by an oklob sapling priest's acid

Vault maps used:
D:        dungeon_sprint_fedhas

Skill      XL: |  1  2  3 |
---------------+----------+-----
Axes           | 5 8 9 |  9.3
Fighting       | |  3.6
Armour         | |  3.6
Shields        | |  3.6

Action                   || total
-------------------------++-------
Melee: War axe           ||    21
       Headbutt          ||     5
 Abil: Evoke Invisibilit ||     1
  Use: Potion            ||     1
 Stab: Invisible         ||     1
Armor: Scale mail        ||     4
Dodge: Dodged            ||     7
Block: Shield            ||     9
